 Dungeon Crawl Stone Soup version 0.24.0-123-gd5b16e6ec5 (webtiles) character file.

Game seed: 4825861599138908842, levelgen mode: deterministic

8150 Bergy the Bludgeoner (level 11, -1/60 HPs)
             Began as a Gargoyle Fighter on Dec 24, 2019.
             Was a Priest of Makhleb.
             Killed by divine providence
             ... invoked by an orc priest
              (10 damage)
             ... on level 10 of the Dungeon.
             The game lasted 00:33:27 (10979 turns).

Bergy the Bludgeoner (Gargoyle Fighter)            Turns: 10979, Time: 00:33:28

Health: -1/60      AC: 24    Str: 24    XL:     11   Next: 26%
Magic:  11/11      EV:  4    Int:  8    God:    Makhleb [***...]
Gold:   466        SH: 12    Dex:  9    Spells: 10/10 levels left

rFire    . . .     SeeInvis .   D - +0 morningstar
rCold    . . .     Gourm    .   c - +0 shield
rNeg     + . .     Faith    .   A - +2 plate armour {rPois}
rPois    ∞         Spirit   .   (no helmet)
rElec    +         Reflect  +   (no cloak)
rCorr    .         Harm     .   (no gloves)
MR       .....                  (no boots)
Stlth    ..........             B - +3 amulet of reflection
HPRegen  0.20/turn              y - +3 ring of protection
MPRegen  0.12/turn              (no ring)

@: very slightly contaminated, invisible
A: negative energy resistance 1, electricity resistance, unbreathing,
petrification resistance, rot immunity, AC +8
a: Minor Destruction, Lesser Servant of Makhleb, Renounce Religion


You were on level 10 of the Dungeon.
You worshipped Makhleb.
Makhleb was most pleased with you.
You were not hungry.

You visited 2 branches of the dungeon, and saw 11 of its levels.

You collected 466 gold pieces.

Inventory:

Hand Weapons
 D - a +0 morningstar (weapon)
Armour
 c - a +0 shield (worn)
 n - a +2 chain mail of positive energy
 A - a +2 plate armour of poison resistance (worn)
Jewellery
 y - a +3 ring of protection (left hand)
 B - a +3 amulet of reflection (around neck)
 C - an uncursed amulet of guardian spirit {unknown}
Wands
 g - a wand of flame (19)
 j - a wand of random effects (19)
 r - a wand of digging (8)
 t - a wand of paralysis (4)
Scrolls
 b - 3 scrolls of identify
 f - 2 scrolls of immolation {unknown}
 i - 8 scrolls of remove curse
 k - 2 scrolls of amnesia {unknown}
 l - a scroll of teleportation
 m - 3 scrolls of magic mapping
 q - a scroll of noise {unknown}
 s - 4 scrolls of enchant armour {unknown}
 z - 2 scrolls of silence {unknown}
 E - 2 scrolls of enchant weapon
Potions
 d - a potion of might
 e - a potion of invisibility
 h - 3 potions of agility
 o - a potion of magic {unknown}
 p - a potion of haste {unknown}
 v - 3 potions of lignification
 w - a potion of mutation {unknown}
 x - a potion of flight {unknown}
 F - a potion of brilliance {unknown}
Comestibles
 a - 4 chunks of flesh
 u - 8 rations


   Skills:
 - Level 3.2 Fighting
 * Level 16.1 Maces & Flails
 - Level 3.2 Armour
 - Level 3.2 Shields


You had 10 spell levels left.
You didn't know any spells.
Your spell library contained the following spells:

 Spells                   Type           Power        Failure   Level  Hunger
 Animate Skeleton         Necr           N/A          100%        1    ##.....
 Apportation              Tloc           #.....       100%        1    ##.....
 Beastly Appendage        Tmut           #.....       100%        1    ##.....
 Confusing Touch          Hex            #.....       100%        1    ##.....
 Summon Small Mammal      Summ           #...         100%        1    ##.....
 Sticks to Snakes         Tmut           #.......     100%        2    ###....
 Spider Form              Tmut/Pois      #.........   100%        3    ####...
 Ice Form                 Ice/Tmut       #.......     100%        4    #####..
 Blade Hands              Tmut           #.........   100%        5    ######.


Dungeon Overview and Level Annotations

Branches:
Dungeon (10/15)            Temple (1/1) D:4             Orc (0/2) D:10
   Lair: D:8-11

Altars:
Ashenzari
Cheibriados
Dithmenos
Elyvilon
Fedhas
Gozag
Hepliaklqana
Kikubaaqudgha
Makhleb
Nemelex Xobeh
Okawaru
Qazlal
Ru
Sif Muna
Trog
Uskayaw
Vehumet
Wu Jian
Xom
Yredelemnul
Zin
The Shining One

Shops:
D:8 :


Innate Abilities, Weirdness & Mutations

You are resistant to torment.
Your stone body is resilient. (AC +8)
You are immune to poison.
You resist negative energy. (rN+)
You are resistant to electric shocks. (rElec)
You can survive without breathing.
You are immune to petrification.
You are immune to rotting.


Message History

You block the orc warrior's attack.
You closely miss the orc warrior.
The orc warrior is moderately wounded.
The orc warrior hits you but does no damage.
You closely miss the orc warrior.
The orc warrior is moderately wounded.
You hit the orc warrior but do no damage.
The orc warrior is moderately wounded.
You block the orc warrior's attack.
You closely miss the orc warrior.
The orc warrior is moderately wounded.
The orc priest mumbles some strange prayers to Beogh against you.
Beogh smites you!
* * * LOW HITPOINT WARNING * * *
The orc warrior closely misses you.
You fade into invisibility!
The orc warrior hits you but does no damage.
The orc priest invokes the aid of Beogh against you.
Beogh smites you!
You die...

#. #†#####o.####
# #.##.#o#.....##
#....g#)#.#...#
#....##go...#..#
#.og.########.#.#
#..### #### #.o#
#..# #.@# #..#
#..##.. .......#
#..##.# #......#
#..##.# #......#
#..##.# #......#
#>.##.# #.)....#
#..##.# #......#
#..##.# #......#


You could see an orc warrior, an orc priest and a goblin.

Vanquished Creatures
  Nergalle (D:9)
  Maurice (D:8)
  A centaur zombie (D:8)
  A gargoyle (D:6)
  2 trolls
  2 hippogriffs
  2 wyverns
  Sigmund (D:2)
  3 yaks (D:9)
  Grum (D:8)
  A hungry ghost (D:7)
  A steam dragon (D:9)
  A water moccasin (D:5)
  3 orc warriors
  2 ice beasts
  A sky beast (D:9)
  4 ogres
  A phantom (D:9)
  A necrophage (D:7)
  2 centaurs
  4 wolves
  A big kobold (D:9)
  7 bullfrogs
  A wyvern skeleton (D:10)
  A scorpion (D:5)
  11 killer bees
  5 howler monkeys
  7 crimson imps
  A bullfrog zombie (D:5)
  6 orc priests
  7 orc wizards
  A centaur skeleton (D:10)
  3 hounds
  4 jellies
  3 bullfrog skeletons
  2 gnoll shamans
  2 iguanas (D:9)
  9 worker ants
  Terence (D:1)
  A hound zombie (D:7)
  A worker ant zombie (D:4)
  A howler monkey skeleton (D:4)
  A howler monkey zombie (D:8)
  5 gnolls
  10 adders
  3 shadow imps (D:9)
  An ooze (D:4)
  2 adder skeletons
  An adder zombie (D:6)
  3 worms
  3 dart slugs
  A leopard gecko (D:8)
  29 orcs
  4 bats
  3 giant cockroaches
  7 goblins
  6 hobgoblins
  7 jackals
  8 kobolds
  6 quokkas
  4 frilled lizards
  A leopard gecko skeleton (D:8)
  5 rats
221 creatures vanquished.

Vanquished Creatures (others)
  A goblin (D:10)
  22 fungi (D:10)
  A plant (D:10)
24 creatures vanquished.

Grand Total: 245 creatures vanquished

Notes
Turn   | Place    | Note
-------+----------+-------------------------------------------
     0 | D:1      | Bergy the Gargoyle Fighter began the quest for the Orb.
     0 | D:1      | Reached XP level 1. HP: 14/14 MP: 1/1
   168 | D:1      | Reached XP level 2. HP: 19/19 MP: 2/2
   273 | D:1      | Reached skill level 3 in Maces & Flails
   419 | D:1      | Found a glowing golden altar of the Shining One.
   764 | D:2      | Noticed Terence
   787 | D:1      | Killed Terence
   787 | D:1      | Reached XP level 3. HP: 17/23 MP: 3/3
   891 | D:2      | Reached skill level 4 in Maces & Flails
   972 | D:2      | Reached XP level 4. HP: 12/28 MP: 4/4
  1156 | D:2      | Found a white marble altar of Elyvilon.
  1252 | D:2      | Noticed Sigmund
  1336 | D:2      | Killed Sigmund
  1336 | D:2      | Reached skill level 6 in Maces & Flails
  1336 | D:2      | Reached XP level 5. HP: 12/32 MP: 0/5
  1660 | D:2      | Reached XP level 6. HP: 35/37 MP: 6/6
  2125 | D:3      | Found a faded altar of an unknown god.
  2356 | D:3      | Found an ornate altar of the Wu Jian Council.
  2762 | D:4      | Found a staircase to the Ecumenical Temple.
  2805 | D:4      | Reached skill level 7 in Maces & Flails
  2835 | Temple   | Entered the Ecumenical Temple
  3182 | Temple   | Became a worshipper of Makhleb the Destroyer
  3330 | D:4      | Reached XP level 7. HP: 39/41 MP: 7/7
  3365 | D:4      | Found a shattered altar of Ashenzari.
  3787 | D:4      | Found a basalt altar of Yredelemnul.
  3852 | D:4      | Reached skill level 8 in Maces & Flails
  4118 | D:4      | Found a radiant altar of Vehumet.
  4118 | D:4      | Found a blossoming altar of Fedhas.
  4382 | D:5      | Entered Level 5 of the Dungeon
  4933 | D:5      | Reached * piety under Makhleb
  4933 | D:5      | Reached skill level 9 in Maces & Flails
  4933 | D:5      | Reached XP level 8. HP: 38/46 MP: 8/8
  5191 | D:5      | Found a glowing silver altar of Zin.
  5842 | D:6      | Found a sacrificial altar of Ru.
  5935 | D:6      | Reached skill level 10 in Maces & Flails
  6058 | D:6      | Noticed a hippogriff
  6058 | D:6      | Noticed a gargoyle
  6068 | D:6      | Killed a hippogriff
  6078 | D:6      | Killed a gargoyle
  6078 | D:6      | Reached skill level 11 in Maces & Flails
  6078 | D:6      | Reached XP level 9. HP: 10/51 MP: 9/9
  6656 | D:6      | Found a sparkling altar of Nemelex Xobeh.
  6928 | D:7      | Found a shadowy altar of Dithmenos.
  6972 | D:7      | Reached skill level 12 in Maces & Flails
  7209 | D:7      | Found a sparkling altar of Nemelex Xobeh.
  7751 | D:8      | Noticed Grum
  7757 | D:7      | Reached skill level 13 in Maces & Flails
  7823 | D:8      | Killed Grum
  7823 | D:8      | Reached XP level 10. HP: 39/56 MP: 10/10
  7976 | D:8      | Found Qucasm's Book Shop.
  8069 | D:8      | Noticed Maurice
  8156 | D:8      | Killed Maurice
  8304 | D:8      | Reached ** piety under Makhleb
  8304 | D:8      | Reached skill level 14 in Maces & Flails
  9020 | D:9      | Found a snail-covered altar of Cheibriados.
  9276 | D:9      | Found a shimmering blue altar of Sif Muna.
  9793 | D:9      | Found an ancient bone altar of Kikubaaqudgha.
  9954 | D:9      | Reached skill level 15 in Maces & Flails
 10396 | D:10     | Entered Level 10 of the Dungeon
 10396 | D:10     | Noticed Nergalle
 10599 | D:9      | Killed Nergalle
 10599 | D:9      | Reached XP level 11. HP: 60/60 MP: 11/11
 10693 | D:10     | Reached *** piety under Makhleb
 10798 | D:10     | Reached skill level 16 in Maces & Flails
 10896 | D:10     | Found a staircase to the Orcish Mines.
 10979 | D:10     | Killed from afar by an orc priest

Levels and vault maps discovered:
D:1:      matt_arrival_los_fun, layout_loops_ring, tso_altar
D:2:      layout_basic, elyvilon_altar_3, uniq_sigmund, uniq_terence
D:3:      layout_loops_corners, overflow_temple_1_default,
          chequers_ecumenical_altar_simple_redux
D:4:      layout_basic, evilmike_ruin_ashenzari, kennysheep_mini_moat,
          gammafunk_temple_overflow_wave, minmay_temple_entry_drinking_statues,
          first_ration
D:5:      layout_basic, marbit_many_paths
D:6:      kennysheep_windowed_halls, layout_basic, old_standard_altar,
          basic_altar
D:7:      layout_basic, lemuel_doored_altar, old_standard_altar
D:8:      layout_basic, serial_shops, shop, uniq_maurice, uniq_grum
D:9:      layout_basic, lemuel_coloured_pillars_altar, minitemple
D:10:     layout_long_grid, due_lair_maze_entry_diamond, erik_orc_3,
          enter_bailey_8, uniq_nergalle
Temple:   compressed_dpeg_triangle_lava_temple

Skill      XL: |  1  2  3  4  5  6  7  8  9 10 11 |
---------------+----------------------------------+-----
Maces & Flails | 3 4 6 7 9 11 13 15 16 | 16.1
Fighting       | |  3.2
Armour         | |  3.2
Shields        | |  3.2

Action                   |  1- 3 |  4- 6 |  7- 9 | 10-12 || total
-------------------------+-------+-------+-------+-------++-------
Melee: Flail             |   110 |   157 |   248 |       ||   515
       Morningstar       |       |       |   187 |   522 ||   709
  Use: Potion            |       |     1 |     3 |     6 ||    10
       Scroll            |       |       |     6 |     4 ||    10
 Stab: Invisible         |       |       |     1 |     8 ||     9
  Eat: Chunk             |       |     1 |    13 |     8 ||    22
       Ration            |       |     2 |     1 |     1 ||     4
Armor: Scale mail        |    68 |    53 |   180 |     4 ||   305
       Plate armour      |       |       |       |   241 ||   241
       Skin              |       |       |       |     6 ||     6
Dodge: Dodged            |    22 |    37 |   110 |    63 ||   232
Block: Shield            |    64 |    63 |   221 |   277 ||   625
       Reflection        |       |       |       |     2 ||     2
